 Dungeon Crawl Stone Soup version 0.24-a0-524-gf43b32f898 (webtiles) character file.

Game seed: 16736539461157547306

84 KapersCrawl the Firebug (level 4, 0/21 HPs)
             Began as a Tengu Fire Elementalist on July 31, 2019.
             Succumbed to an adder's poison
             ... on level 2 of the Dungeon.
             The game lasted 00:08:20 (2044 turns).

KapersCrawl the Firebug (Tengu Fire Elementalist)   Turns: 2044, Time: 00:08:21

Health: 0/21       AC:  4    Str:  9    XL:     4   Next: 46%
Magic:  3/7        EV: 13    Int: 16    God:
Gold:   55         SH:  0    Dex: 16    Spells: 3/7 levels left

rFire    . . .     SeeInvis .   w - +0 hunting sling
rCold    . . .     Gourm    .   (no shield)
rNeg     . . .     Faith    .   a - +0 robe
rPois    .         Spirit   .   (helmet restricted)
rElec    .         Reflect  .   (no cloak)
rCorr    .         Harm     .   (no gloves)
MR       .....                  (boots unavailable)
Stlth    ++........             (no amulet)
HPRegen  0.07/turn              (no ring)
MPRegen  0.10/turn              (no ring)

@: lethally poisoned (0 -> -5), very slightly contaminated, hasted, very quick
A: beak, talons 3, slimy green scales 1, agile 1, frail 1, low mp 1
a: no special abilities


You were on level 2 of the Dungeon.
You were hungry.

You visited 1 branch of the dungeon, and saw 2 of its levels.

You collected 55 gold pieces.

Inventory:

Hand Weapons
 i - a +2 short sword of flaming
 l - a +0 club
 w - a +0 hunting sling (weapon)
Missiles
 k - 82 stones (quivered)
 o - 5 boomerangs
Armour
 a - a +0 robe (worn)
 b - a +0 buckler
Jewellery
 h - a +3 ring of dexterity {unknown}
 j - an uncursed ring of resist corrosion {unknown}
Scrolls
 e - a scroll of enchant weapon {unknown}
 f - 4 scrolls of identify
 g - 2 scrolls of amnesia {unknown}
 n - a scroll of magic mapping {unknown}
Comestibles
 c - 4 rations


   Skills:
 - Level 3.0 Dodging
 + Level 3.0 Stealth
 + Level 1.6 Shields
 + Level 2.1 Spellcasting
 + Level 2.9 Conjurations
 - Level 3.3 Fire Magic


You had 3 spell levels left.
You knew the following spells:

 Your Spells              Type           Power        Failure   Level  Hunger
a - Flame Tongue          Conj/Fire      ##...        5%          1    #......
b - Conjure Flame         Conj/Fire      ##......     17%         3    ###....

Your spell library contained the following spells:

 Spells                   Type           Power        Failure   Level  Hunger
 Throw Flame              Conj/Fire      ##....       9%          2    ###....
 Inner Flame              Hex/Fire       #.......     30%         3    ###....
 Sticky Flame             Conj/Fire      ##......     50%         4    #####..
 Fireball                 Conj/Fire      ##........   83%         5    ######.


Dungeon Overview and Level Annotations

Branches:
Dungeon (2/15)

Altars:


Innate Abilities, Weirdness & Mutations

You have a beak for a mouth.
You have claws for feet.
You are partially covered in slimy green scales. (AC +2)
You are agile. (Dex +2)
You are frail. (-10% HP)
Your magical capacity is low. (-10% MP)


Message History

You feel frail.
You feel less energetic.
You feel agile.
Slimy green scales grow over part of your body.
The adder bites you but does no damage. The adder barely misses you.
It was a potion of haste.
You feel yourself speed up.
* * * LOW HITPOINT WARNING * * *
You feel sick. The adder bites you.
* * * LOW HITPOINT WARNING * * *
Unknown command.
* * * LOW HITPOINT WARNING * * *
You feel sick.
Unknown command.
* * * LOW HITPOINT WARNING * * *
You feel sick.
As you read the scroll labeled EKHLUAF YBLON, it crumbles to dust.
It is a scroll of identify.
i - a +2 short sword of flaming
* * * LOW HITPOINT WARNING * * *
You feel sick.
There is a stone staircase leading down here.
You die...

..#.# #.###...##...##.# ..#.#
#.###.#.#..#..#.# ..#.#
#.....#.#.#)#.#.# ..#.#
#.....#....#....# ..#.#
############.##.#.#.#.#.#.#
..#.###............##...#..#..#.#
...[(..............##...##...##..
#######..........#.##.#..##.##...
......'.......S>@...#.##.......#.
#######..........##)#.##.######..
.........##########...#.........#
[........# #...#.##.######
.........# #...#.##.# .........#
#...#.##.# ########## ##....##.#
#############....##.#
#..........##....##.#


You could see an adder.

Vanquished Creatures
  3 adders (D:2)
  4 dart slugs (D:1)
  4 leopard geckos (D:1)
  An orc (D:2)
  3 giant cockroaches
  3 goblins (D:1)
  6 hobgoblins
  A jackal (D:1)
  4 bats
  5 frilled lizards
  6 kobolds
  5 rats
45 creatures vanquished.

Notes
Turn   | Place    | Note
-------+----------+-------------------------------------------
     0 | D:1      | KapersCrawl the Tengu Fire Elementalist began the quest for
                  | the Orb.
     0 | D:1      | Reached XP level 1. HP: 10/10 MP: 4/4
   125 | D:1      | Reached XP level 2. HP: 15/15 MP: 0/6
   795 | D:1      | Reached skill level 1 in Shields
   839 | D:1      | Reached XP level 3. HP: 19/19 MP: 5/7
   883 | D:1      | Learned a level 3 spell: Conjure Flame
  1466 | D:2      | Reached XP level 4. HP: 24/24 MP: 6/8
  2031 | D:2      | Gained mutation: You are frail. (-10% HP) [potion of
                  | mutation]
  2031 | D:2      | Gained mutation: Your magical capacity is low. (-10% MP)
                  | [potion of mutation]
  2031 | D:2      | Gained mutation: You are agile. (Dex +2) [potion of
                  | mutation]
  2031 | D:2      | Gained mutation: You are partially covered in slimy green
                  | scales. (AC +2) [potion of mutation]
  2036 | D:2      | HP: 1/21 [poisoned by an adder]
  2044 | D:2      | Succumbed to an adder's poison

Levels and vault maps discovered:
D:1:      shiori_arrival_maze, layout_loops_ring, serial_bayou_pond_b
D:2:      layout_basic, first_ration, minmay_box_of_dots

Skill      XL: |  1  2  3  4 |
---------------+-------------+-----
Conjurations   | 2 |  2.9
Shields        | 1 |  1.6
Dodging        | 3 |  3.0
Stealth        | 3 |  3.0
Spellcasting   | |  2.1
Fire Magic     | |  3.3

Action                   |  1- 3 |  4- 6 || total
-------------------------+-------+-------++-------
 Fire: Hunting sling     |    23 |    23 ||    46
 Cast: Flame Tongue      |    49 |    17 ||    66
       Conjure Flame     |       |     1 ||     1
  Use: Potion            |       |     3 ||     3
       Scroll            |       |     1 ||     1
  Eat: Chunk             |     2 |     2 ||     4
Armor: Robe              |     1 |     4 ||     5
Dodge: Dodged            |     7 |    11 ||    18

Table legend:
 A = Non-vault XP
 B = Vault XP
 C = Vault XP percentage of total XP
 D = Non-vault monster count
 E = Vault monster count
 F = Vault count percentage of total count
                 A         B        C        D         E       F
            +---------+---------+-------+---------+---------+-------
      Total |     100 |      21 |  17.4 |      35 |      10 |  22.2
            +---------+---------+-------+---------+---------+-------
        D:1 |      46 |      15 |  24.6 |      21 |       7 |  25.0
        D:2 |      54 |       6 |  10.0 |      14 |       3 |  17.6
            +---------+---------+-------+---------+---------+-------
